 Dungeon Crawl Stone Soup version 0.29-a0-362-g5854e031c7 (webtiles) character file.

Game seed: 13721196452848105354

16221 spaghetti the Archer (level 12, -5/92 HPs)
             Began as a Gnoll Wanderer on Apr 29, 2022.
             Was an Elder of Cheibriados.
             Killed from afar by a frost giant (35 damage)
             ... with a bolt of cold
             ... on level 11 of the Dungeon.
             The game lasted 00:30:14 (15286 turns).

spaghetti the Archer (Gnoll Wanderer)              Turns: 15286, Time: 00:30:14

Health: -5/92      AC:  9    Str: 21      XL:     12   Next: 35%
Magic:  24/24      EV: 15    Int: 38 (39) God:    Cheibriados [****..]
Gold:   838        SH: 12    Dex: 22 (23) Spells: 1/28 levels left

rFire   . . .      SeeInvis .   b - +12 demon blade "Beastbane" {venom, Int+4, long}
rCold   . . .      Faith    .   f - +0 kite shield
rNeg    . . .      Spirit   .   C - +0 ring mail "Vemukko" {Int+8}
rPois   .          Reflect  .   (helmet restricted)
rElec   .          Harm     .   (no cloak)
rCorr   .          Rampage  .   Q - +0 pair of gloves
Will    .....                   j - +0 pair of boots of Yzirphex {Int+2}
Stlth   +++.......              (no amulet)
HPRegen 0.25/turn               n - ring of wizardry
MPRegen 0.19/turn               m - ring of wizardry

@: very slow
A: fangs 1, strong nose, distributed training, horns 1, clever 1, evolution 1
a: Renounce Religion, Bend Time, Temporal Distortion, Slouch


You were on level 11 of the Dungeon.
You worshipped Cheibriados.
Cheibriados was greatly pleased with you.
You visited 3 branches of the dungeon, and saw 13 of its levels.

You collected 1030 gold pieces.
You spent 192 gold pieces at shops.


Innate Abilities, Weirdness & Mutations

You have very sharp teeth.
Your uncanny sense of smell can sniff out nearby items.
Your experience applies equally to all skills.
You have a pair of small horns on your head.
Your mind is acute. (Int +2)
You have hidden genetic potential.


   Skills:
 + Level 7.7 Fighting
 + Level 7.2 Short Blades
 + Level 7.2 Long Blades
 + Level 7.2 Axes
 + Level 7.2 Maces & Flails
 + Level 7.2 Polearms
 + Level 7.2 Staves
 + Level 7.2 Slings
 + Level 11.1 Bows
 + Level 7.2 Crossbows
 + Level 7.2 Throwing
 + Level 8.6 Armour
 + Level 7.7 Dodging
 + Level 7.2 Stealth
 + Level 7.2 Shields
 + Level 7.2 Unarmed Combat
 + Level 8.9 Spellcasting
 + Level 6.0 Conjurations
 + Level 6.0 Hexes
 + Level 6.0 Summonings
 + Level 6.0 Necromancy
 + Level 6.0 Translocations
 + Level 6.0 Transmutations
 + Level 6.0 Fire Magic
 + Level 6.0 Ice Magic
 + Level 6.0 Air Magic
 + Level 6.0 Earth Magic
 + Level 6.0 Poison Magic
 + Level 7.9 Invocations
 + Level 7.2 Evocations


You had one spell level left.
You knew the following spells:

 Your Spells              Type           Power      Damage    Failure   Level
a - Sandblast             Erth           100%       2d20      1%          1
b - Manifold Assault      Tloc           58%        N/A       6%          5
c - Blink                 Tloc           100%       N/A       1%          2
d - Summon Ice Beast      Ice/Summ       58%        N/A       2%          4
e - Summon Mana Viper     Hex/Summ       58%        N/A       6%          5
f - Lesser Beckoning      Tloc           58%        N/A       1%          3
g - Monstrous Menagerie   Summ           29%        N/A       82%         7

Your spell library contained the following spells:

 Spells                   Type           Power      Damage    Failure   Level
 Beastly Appendage        Tmut           100%       N/A       1%          1
 Wereblood                Tmut           58%        N/A       1%          2
 Dazzling Flash           Conj/Hex       100%       N/A       1%          3
 Spider Form              Tmut/Pois      58%        N/A       1%          3
 Stone Arrow              Conj/Erth      100%       3d13      1%          3
 Olgreb's Toxic Radiance  Pois           58%        N/A       2%          4
 Agony                    Necr           58%        N/A       6%          5
 Silence                  Hex/Air        29%        N/A       6%          5
 Ozocubu's Refrigeration  Ice            29%        4d10      82%         7
 Ignition                 Fire           29%        3d9       100%        8

Inventory:

Hand Weapons
 a - a +2 shortbow of flaming {bow}
 b - the +12 demon blade "Beastbane" (weapon) {venom, Int+4, long}
   (You acquired it on level 7 of the Dungeon)

   It poisons the flesh of those it strikes.
   Int:       It affects your intelligence (+4).
 z - a +2 whip of venom {mace}
   (You took it off an orc on level 2 of the Dungeon)
 M - the +3 woodcutter's axe {vorpal}
   (You found it on level 10 of the Dungeon)

   It inflicts extra damage upon your enemies.
Missiles
 d - 359 stones (quivered) {throwing}
 e - 4 curare-tipped darts {=fthrowing}
 q - 58 poisoned darts {throwing}
 r - 14 boomerangs {throwing}
 L - 5 datura-tipped darts {forbiddenthrowing}
 R - a throwing net {=f!fthrowing}
Armour
 f - a +0 kite shield (worn)
   (You took it off a gnoll sergeant on level 8 of the Dungeon)
 i - a +2 helmet
   (You found it on level 2 of the Dungeon)
 j - the +0 pair of boots of Yzirphex (worn) {Int+2}
   (You found it on level 7 of the Dungeon)

   Int:       It affects your intelligence (+2).
 C - the +0 ring mail "Vemukko" (worn) {Int+8}
   (You found it on level 7 of the Dungeon)

   Int:       It affects your intelligence (+8).
 D - a +0 plate armour
   (You found it on level 7 of the Dungeon)
 Q - a +0 pair of gloves (worn)
   (You found it on level 9 of the Dungeon)
Magical Staves
 y - a staff of earth {!astaff}
   (You found it on level 8 of the Dungeon)
Jewellery
 g - a ring of fire
   (You found it on level 3 of the Dungeon)
 m - a ring of wizardry (right hand)
   (You found it on level 4 of the Dungeon)
 n - a ring of wizardry (left hand)
   (You found it on level 3 of the Dungeon)
 o - a +6 ring of strength
   (You found it on level 3 of the Dungeon)
 A - a +6 ring of strength
   (You found it on level 6 of the Dungeon)
 I - a ring of wizardry
   (You found it on level 9 of the Dungeon)
Wands
 p - a wand of iceblast (17)
   (You found it on level 8 of the Dungeon)
 t - a wand of paralysis (5)
   (You found it on level 4 of the Dungeon)
 H - a wand of charming (14)
   (You found it on level 8 of the Dungeon)
 J - a wand of mindburst (5)
   (You took it off Maggie on level 9 of the Dungeon)
 K - a wand of acid (3)
   (You found it on level 9 of the Dungeon)
 O - a wand of flame (8)
   (You took it off Psyche on level 11 of the Dungeon)
 T - a wand of polymorph (5)
   (You found it on level 11 of the Dungeon)
Scrolls
 s - a scroll of magic mapping {!r}
 u - a scroll of teleportation {@r4}
 w - 2 scrolls of torment {!r}
 B - 2 scrolls of noise {!r}
 F - a scroll of holy word
 S - a scroll of fog {unknown}
Potions
 c - a potion of haste {@q3}
 h - a potion of curing {@q1}
 k - 2 potions of degeneration {!q@e2}
 l - 4 potions of brilliance
 x - 5 potions of attraction {!q}
 P - a potion of lignification {!q}

Dungeon Overview and Level Annotations

Branches:
Dungeon (11/15)            Temple (1/1) D:7            Lair (1/6) D:8
    Orc: D:9-12

Altars:
Cheibriados
Dithmenos
Fedhas
Kikubaaqudgha
Makhleb
Nemelex Xobeh
Ru
Trog
Uskayaw
Vehumet
Yredelemnul
Jiyva

Shops:
D:9 !

Annotations:
D:9 2 runed translucent doors
D:11 exclusion: 4 doors

#...##.#
#...##.#
#...(..#
#...####
#...#∆∆
#...#∆∆
##'##∆∆
#.# ∆∆ ∆
#@# ∆∆
#'#
#CCC((..#
#.......#
#.......#
#.......#
#.......#
#.......#
#.......#


You could see a frost giant and 2 cyclopes.


Message History

You bite the cyclops, but do no damage. You barely miss the cyclops.
The cyclops barely misses you. 😕 HP[+1]
You hit the cyclops.
You kill the cyclops!
Cheibriados appreciates the change of pace.
You slash the cyclops! You bite the cyclops, but do no damage.
You block the cyclops's attack.
You slice the cyclops!!
The cyclops looks as sick as possible!
You headbutt the cyclops, but do no damage.
You bite the cyclops, but do no damage. You barely miss the cyclops.
You headbutt the cyclops. You bite the cyclops, but do no damage.
You block the cyclops's attack. 😕 HP[+1]
You slash the cyclops!
You kill the cyclops!
Cheibriados appreciates the change of pace.
You feel your dexterity returning. 😕 HP[+1]
You now have 92 max hp (+1).
Unknown command.
You slash the cyclops!
The cyclops is poisoned.
You headbutt the cyclops, but do no damage.
You block the cyclops's attack.
You hit the cyclops.
The cyclops looks as sick as possible!
The cyclops barely misses you.
You hit the cyclops.
The cyclops looks as sick as possible!
You headbutt the cyclops. 😕 HP[+1]
You hit the cyclops.
The cyclops looks as sick as possible!
The cyclops closely misses you.
You slash the cyclops! You headbutt the cyclops.
The cyclops completely misses you.
You slice the cyclops!!
You kill the cyclops!
Cheibriados thoroughly appreciates the change of pace.
You feel a genetic drift.
r - 14 boomerangs {throwing} (gained 3)
There is an open door, spattered with blood here.
Items here: ( ))) [[ †. 😎 HP[+13]
Your hp is fully restored (92).
You open the door.
There is an open door here.
You open the door. 3 cyclopes come into view.
The cyclops shouts! x3
There is an open door here.
There are monsters nearby!
There are monsters nearby!
There are monsters nearby!
You throw a stone {throwing}. The stone {throwing} hits the cyclops.
You throw a stone {throwing}. The stone {throwing} hits the cyclops.
You throw a stone {throwing}.
The stone {throwing} hits the cyclops but does no damage.
A frost giant comes into view.
It is wielding a +1 battleaxe of freezing.
You throw a stone {throwing}. The frost giant shouts!
The stone {throwing} hits the cyclops but does no damage.
You slash the cyclops! You slash the cyclops!
The cyclops is poisoned.
The cyclops closely misses you.
You hit the cyclops. You bite the cyclops, but do no damage.
You block the cyclops's attack.
You slice the cyclops!!
You kill the cyclops!
Cheibriados appreciates the change of pace.
The cyclops barely misses you.
You feel your dexterity returning.
Your Conjurations skill increases to level 6!
Your Hexes skill increases to level 6!
Your Summonings skill increases to level 6!
Your Necromancy skill increases to level 6!
Your Translocations skill increases to level 6!
Your Transmutations skill increases to level 6!
Your Fire Magic skill increases to level 6!
Your Ice Magic skill increases to level 6!
Your Air Magic skill increases to level 6!
Your Earth Magic skill increases to level 6!
Your Poison Magic skill increases to level 6!
You hit the cyclops.
The cyclops is poisoned.
Your headbutt misses the cyclops. You bite the cyclops, but do no damage.
You slash the cyclops!
The cyclops looks as sick as possible!
The frost giant points at you and mumbles some strange words.
The bolt of cold misses you. The cyclops closely misses you.
The cyclops hits you!!
The frost giant hits you with a +1 battleaxe of freezing!!
* * * LOW HITPOINT WARNING * * *
The frost giant freezes you!
* * * LOW HITPOINT WARNING * * *
You are too injured to fight recklessly!
You are too injured to fight recklessly!
You are too injured to fight recklessly! 😨 HP[-62]
You take 62 damage, and now have 30/92 hp.
MASSIVE DAMAGE!! (PAUSE)
The cyclops attacks as you move away!
The cyclops hits you but does no damage.
The frost giant casts a spell at you. The bolt of cold hits you!!
You die...

Skill      XL: |  1  2  3  4  5  6  7  8  9 10 11 12 |
---------------+-------------------------------------+-----
Spellcasting   | 5 6 7 8 |  8.9
Short Blades   | 1 2 3 4 5 6 7 |  7.2
Long Blades    | 1 2 3 4 5 6 7 |  7.2
Axes           | 1 2 3 4 5 6 7 |  7.2
Maces & Flails | 1 2 3 4 5 6 7 |  7.2
Polearms       | 1 2 3 4 5 6 7 |  7.2
Staves         | 1 2 3 4 5 6 7 |  7.2
Slings         | 1 2 3 4 5 6 7 |  7.2
Crossbows      | 1 2 3 4 5 6 7 |  7.2
Throwing       | 1 2 3 4 5 6 7 |  7.2
Stealth        | 1 2 3 4 5 6 7 |  7.2
Shields        | 1 2 3 4 5 6 7 |  7.2
Unarmed Combat | 1 2 3 4 5 6 7 |  7.2
Invocations    | 1 2 3 4 5 6 7 |  7.9
Evocations     | 1 2 3 4 5 6 7 |  7.2
Conjurations   | 1 2 3 4 5 6 |  6.0
Hexes          | 1 2 3 4 5 6 |  6.0
Summonings     | 1 2 3 4 5 6 |  6.0
Necromancy     | 1 2 3 4 5 6 |  6.0
Translocations | 1 2 3 4 5 6 |  6.0
Transmutations | 1 2 3 4 5 6 |  6.0
Fire Magic     | 1 2 3 4 5 6 |  6.0
Ice Magic      | 1 2 3 4 5 6 |  6.0
Air Magic      | 1 2 3 4 5 6 |  6.0
Earth Magic    | 1 2 3 4 5 6 |  6.0
Poison Magic   | 1 2 3 4 5 6 |  6.0
Fighting       | 3 4 5 6 7 |  7.7
Dodging        | 3 4 5 6 7 |  7.7
Armour         | 5 6 7 8 |  8.6
Bows           | 9 10 11 | 11.1

Action                   |  1- 3 |  4- 6 |  7- 9 | 10-12 || total
-------------------------+-------+-------+-------+-------++-------
Melee: Unarmed           |    10 |    14 |       |       ||    24
       Whip              |       |    63 |   121 |       ||   184
       Bite              |       |     3 |    20 |    27 ||    50
       Punch             |       |     1 |     9 |     1 ||    11
       Rapier            |       |       |    20 |       ||    20
       Demon blade       |       |       |    73 |   220 ||   293
       Headbutt          |       |       |       |    38 ||    38
 Fire: Shortbow          |    81 |    94 |   193 |     5 ||   373
Throw: Stone             |       |       |    12 |    94 ||   106
 Cast: Sandblast         |       |       |     2 |       ||     2
       Summon Ice Beast  |       |       |       |    23 ||    23
       Summon Mana Viper |       |       |       |    24 ||    24
       Blink             |       |       |       |     1 ||     1
       Manifold Assault  |       |       |       |     1 ||     1
Invok: Slouch            |       |       |       |     1 ||     1
Evoke: Wand              |       |       |     2 |     2 ||     4
  Use: Potion            |       |     5 |     5 |     9 ||    19
       Scroll            |       |     4 |     8 |     4 ||    16
 Stab: Distracted        |       |       |     1 |     2 ||     3
       Paralysed         |       |       |       |     2 ||     2
Armor: Ring mail         |    14 |    36 |    97 |    38 ||   185
       Skin              |       |    21 |       |       ||    21
Dodge: Dodged            |    15 |    52 |   156 |   127 ||   350
Block: Kite shield       |       |       |       |   105 ||   105

Levels and vault maps discovered:
D:1:      matt_arrival_los_fun, layout_loops_ring,
          hellmonk_ecumenical_altar_heavens_door
D:2:      layout_rooms, kennysheep_nondescript, uniq_terence
D:3:      minmay_goblin_kobold_castle, layout_basic
D:4:      layout_gridville
D:5:      layout_cave_pools, hex_tiny, kennysheep_cross_room,
          nicolae_elevator_lobby_asterisk, uniq_eustachio
D:6:      layout_loops_corners, nicolae_dithmenos_the_darkroom,
          uniq_blork_the_orc
D:7:      layout_basic, kennysheep_mini_moat, minmay_temple_entry_antechambers,
          uniq_duvessa
D:8:      layout_basic, mainiacjoe_overflow_boulevard, david_lair_shrubbed,
          serial_park_tiny_pond, uniq_amaemon, uniq_grum
D:9:      lemuel_insect_pit, layout_cave_pools, serial_shops, shop,
          gammafunk_ghost_ooze, corexii_corridor_pit, uniq_maggie,
          uniq_prince_ribbit1
D:10:     layout_loops_ring, lemuel_flamethrower_2
D:11:     giant_chief_lemuel, layout_basic, hiddenorc2_lemuel,
          nicolae_tso_carved_into_rock, uniq_psyche
Temple:   mainiacjoe_temple_bowtie_tessellation
Lair:1:   layout_layer_cave, minivault_27, nicolae_lair_grazing_beasts
          [nicolae_sub_lair_graze_edge, nicolae_sub_lair_graze_edge,
          nicolae_sub_lair_graze_edge, nicolae_sub_lair_graze_edge]

Notes
Turn   | Place    | Note
-------+----------+-------------------------------------------
     0 | D:1      | spaghetti the Gnoll Wanderer began the quest for the Orb.
     0 | D:1      | spaghetti set off with the following items: a +2 shortbow
                  | {bow}, a +0 ring mail, a potion of haste {@q3}, 35 stones
                  | {throwing}; and the following spell memorised: Sandblast;
                  | and the following spells available to memorise: Stone Arrow
     0 | D:1      | Reached XP level 1. HP: 17/17 MP: 6/6
     0 | D:1      | magus.rc [v1.9.6]
   177 | D:1      | Reached XP level 2. HP: 21/23 MP: 7/7
   554 | D:1      | Found a faded altar of an unknown god.
   887 | D:2      | Reached XP level 3. HP: 27/28 MP: 9/9
   960 | D:2      | Reached skill level 5 in Spellcasting
   988 | D:2      | Noticed Terence
   995 | D:2      | Killed Terence
   996 | D:2      | Reached skill level 1 in Short Blades
   996 | D:2      | Reached skill level 1 in Long Blades
   996 | D:2      | Reached skill level 1 in Axes
   996 | D:2      | Reached skill level 1 in Maces & Flails
   996 | D:2      | Reached skill level 1 in Polearms
   996 | D:2      | Reached skill level 1 in Staves
   996 | D:2      | Reached skill level 1 in Slings
   996 | D:2      | Reached skill level 1 in Crossbows
   996 | D:2      | Reached skill level 1 in Throwing
   996 | D:2      | Reached skill level 1 in Stealth
   996 | D:2      | Reached skill level 1 in Shields
   996 | D:2      | Reached skill level 1 in Unarmed Combat
   996 | D:2      | Reached skill level 1 in Invocations
   996 | D:2      | Reached skill level 1 in Evocations
  1253 | D:2      | Reached XP level 4. HP: 34/34 MP: 11/11
  1532 | D:2      | Reached skill level 1 in Conjurations
  1532 | D:2      | Reached skill level 1 in Hexes
  1532 | D:2      | Reached skill level 1 in Summonings
  1532 | D:2      | Reached skill level 1 in Necromancy
  1532 | D:2      | Reached skill level 1 in Translocations
  1532 | D:2      | Reached skill level 1 in Transmutations
  1532 | D:2      | Reached skill level 1 in Fire Magic
  1532 | D:2      | Reached skill level 1 in Ice Magic
  1532 | D:2      | Reached skill level 1 in Air Magic
  1532 | D:2      | Reached skill level 1 in Earth Magic
  1532 | D:2      | Reached skill level 1 in Poison Magic
  1586 | D:3      | Noticed an ogre
  1593 | D:3      | Killed an ogre
  1594 | D:3      | Reached skill level 3 in Fighting
  1594 | D:3      | Reached skill level 3 in Dodging
  1594 | D:3      | Reached XP level 5. HP: 23/41 MP: 12/12
  1941 | D:3      | Noticed a kobold brigand
  1961 | D:3      | Killed a kobold brigand
  1962 | D:3      | Reached skill level 2 in Invocations
  1962 | D:3      | Reached XP level 6. HP: 45/47 MP: 14/14
  1963 | D:3      | magus.rc [v1.9.6]
  2134 | D:3      | Reached skill level 5 in Armour
  2136 | D:3      | HP: 10/47 [gnoll/+0 spear (3)]
  2399 | D:3      | Reached skill level 2 in Short Blades
  2399 | D:3      | Reached skill level 2 in Long Blades
  2399 | D:3      | Reached skill level 2 in Axes
  2399 | D:3      | Reached skill level 2 in Maces & Flails
  2399 | D:3      | Reached skill level 2 in Polearms
  2399 | D:3      | Reached skill level 2 in Staves
  2399 | D:3      | Reached skill level 2 in Slings
  2399 | D:3      | Reached skill level 2 in Crossbows
  2399 | D:3      | Reached skill level 2 in Throwing
  2399 | D:3      | Reached skill level 2 in Stealth
  2399 | D:3      | Reached skill level 2 in Shields
  2399 | D:3      | Reached skill level 2 in Unarmed Combat
  2399 | D:3      | Reached skill level 2 in Evocations
  2790 | D:3      | Reached XP level 7. HP: 24/52 MP: 15/15
  3779 | D:4      | Reached skill level 2 in Conjurations
  3779 | D:4      | Reached skill level 2 in Hexes
  3779 | D:4      | Reached skill level 2 in Summonings
  3779 | D:4      | Reached skill level 2 in Necromancy
  3779 | D:4      | Reached skill level 2 in Translocations
  3779 | D:4      | Reached skill level 2 in Transmutations
  3779 | D:4      | Reached skill level 2 in Fire Magic
  3779 | D:4      | Reached skill level 2 in Ice Magic
  3779 | D:4      | Reached skill level 2 in Air Magic
  3779 | D:4      | Reached skill level 2 in Earth Magic
  3779 | D:4      | Reached skill level 2 in Poison Magic
  4207 | D:4      | Reached skill level 9 in Bows
  4726 | D:5      | Entered Level 5 of the Dungeon
  4763 | D:5      | Reached skill level 3 in Invocations
  4879 | D:5      | Noticed Eustachio
  4890 | D:5      | Killed Eustachio
  4891 | D:5      | Reached skill level 4 in Fighting
  4891 | D:5      | Reached skill level 3 in Short Blades
  4891 | D:5      | Reached skill level 3 in Long Blades
  4891 | D:5      | Reached skill level 3 in Axes
  4891 | D:5      | Reached skill level 3 in Maces & Flails
  4891 | D:5      | Reached skill level 3 in Polearms
  4891 | D:5      | Reached skill level 3 in Staves
  4891 | D:5      | Reached skill level 3 in Slings
  4891 | D:5      | Reached skill level 3 in Crossbows
  4891 | D:5      | Reached skill level 3 in Throwing
  4891 | D:5      | Reached skill level 4 in Dodging
  4891 | D:5      | Reached skill level 3 in Stealth
  4891 | D:5      | Reached skill level 3 in Shields
  4891 | D:5      | Reached skill level 3 in Unarmed Combat
  4891 | D:5      | Reached skill level 3 in Evocations
  4891 | D:5      | Reached XP level 8. HP: 49/60 MP: 16/16
  4996 | D:5      | Reached skill level 6 in Spellcasting
  5034 | D:5      | Noticed a shadow
  5062 | D:5      | Killed a shadow
  5206 | D:5      | Reached skill level 3 in Conjurations
  5206 | D:5      | Reached skill level 3 in Hexes
  5206 | D:5      | Reached skill level 3 in Summonings
  5206 | D:5      | Reached skill level 3 in Necromancy
  5206 | D:5      | Reached skill level 3 in Translocations
  5206 | D:5      | Reached skill level 3 in Transmutations
  5206 | D:5      | Reached skill level 3 in Fire Magic
  5206 | D:5      | Reached skill level 3 in Ice Magic
  5206 | D:5      | Reached skill level 3 in Air Magic
  5206 | D:5      | Reached skill level 3 in Earth Magic
  5206 | D:5      | Reached skill level 3 in Poison Magic
  5206 | D:5      | Reached skill level 4 in Invocations
  5363 | D:6      | Noticed Blork the orc
  5369 | D:6      | Killed Blork the orc
  5493 | D:6      | Gained mutation: Your body sometimes deteriorates upon
                  | taking damage. [potion of mutation]
  5493 | D:6      | Gained mutation: You are agile. (Dex +2) [potion of
                  | mutation]
  5493 | D:6      | Gained mutation: Your spells are a little harder to cast,
                  | but a little more powerful. [potion of mutation]
  5499 | D:6      | Reached skill level 6 in Armour
  5600 | D:6      | Reached XP level 9. HP: 61/66 MP: 18/18
  5628 | D:6      | HP: 23/99 [killer bee (4)]
  5631 | D:6      | HP: 10/66 [poisoned by a killer bee]
  5636 | D:6      | HP: 5/66 [poisoned by a killer bee]
  5938 | D:5      | magus.rc [v1.9.6]
  6164 | D:6      | Found a shadowy altar of Dithmenos.
  6437 | D:6      | Reached skill level 4 in Short Blades
  6437 | D:6      | Reached skill level 4 in Long Blades
  6437 | D:6      | Reached skill level 4 in Axes
  6437 | D:6      | Reached skill level 4 in Maces & Flails
  6437 | D:6      | Reached skill level 4 in Polearms
  6437 | D:6      | Reached skill level 4 in Staves
  6437 | D:6      | Reached skill level 4 in Slings
  6437 | D:6      | Reached skill level 4 in Crossbows
  6437 | D:6      | Reached skill level 4 in Throwing
  6437 | D:6      | Reached skill level 4 in Stealth
  6437 | D:6      | Reached skill level 4 in Shields
  6437 | D:6      | Reached skill level 4 in Unarmed Combat
  6437 | D:6      | Reached skill level 4 in Evocations
  6540 | D:6      | HP: 13/67 [orc priest/+0 flail (8)]
  7177 | D:7      | Noticed Duvessa
  7184 | D:7      | Noticed Dowan
  7193 | D:7      | Killed Duvessa
  7194 | D:7      | Reached skill level 5 in Fighting
  7194 | D:7      | Reached skill level 5 in Dodging
  7199 | D:7      | Killed Dowan
  7333 | D:7      | Identified a scroll of acquirement
  7333 | D:7      | Acquired the +12 demon blade "Beastbane" {venom, Int+4}
  7345 | D:7      | You pick up a book of Spatial Translocations and begin
                  | reading...
  7345 | D:7      | You add the spells Blink, Lesser Beckoning and Manifold
                  | Assault to your library.
  7543 | D:7      | Found a radiant altar of Vehumet.
  7687 | D:7      | Identified the +0 ring mail "Vemukko" {Int+8}
  7793 | D:7      | Learned a level 5 spell: Manifold Assault
  7834 | D:7      | Learned a level 2 spell: Blink
  7851 | D:7      | Reached skill level 5 in Invocations
  7857 | D:7      | HP: 15/68 [yak (10)]
  8378 | D:7      | Reached skill level 7 in Spellcasting
  8387 | D:7      | HP: 17/68 [poisoned by a wight]
  8694 | D:7      | You pick up a book of Beasts and begin reading...
  8694 | D:7      | You add the spells Summon Ice Beast, Summon Mana Viper and
                  | Monstrous Menagerie to your library.
  8700 | D:7      | Identified the +0 pair of boots of Yzirphex {Int+2}
  8712 | D:7      | Learned a level 4 spell: Summon Ice Beast
  8718 | D:7      | Learned a level 5 spell: Summon Mana Viper
  8806 | D:7      | Found a staircase to the Ecumenical Temple.
  8816 | D:7      | You add the spells Olgreb's Toxic Radiance, Ozocubu's
                  | Refrigeration and Ignition to your library.
  8820 | Temple   | Entered the Ecumenical Temple
  8864 | Temple   | Became a worshipper of Cheibriados the Contemplative
  9329 | D:8      | Reached skill level 4 in Conjurations
  9329 | D:8      | Reached skill level 4 in Hexes
  9329 | D:8      | Reached skill level 4 in Summonings
  9329 | D:8      | Reached skill level 4 in Necromancy
  9329 | D:8      | Reached skill level 4 in Translocations
  9329 | D:8      | Reached skill level 4 in Transmutations
  9329 | D:8      | Reached skill level 4 in Fire Magic
  9329 | D:8      | Reached skill level 4 in Ice Magic
  9329 | D:8      | Reached skill level 4 in Air Magic
  9329 | D:8      | Reached skill level 4 in Earth Magic
  9329 | D:8      | Reached skill level 4 in Poison Magic
  9329 | D:8      | Reached XP level 10. HP: 41/74 MP: 20/20
  9590 | D:9      | Found Wug Yxt's Distillery.
  9799 | D:8      | Found a burning altar of Makhleb.
  9829 | D:8      | You pick up a book of Changes and begin reading...
  9829 | D:8      | You add the spells Beastly Appendage, Wereblood and Spider
                  | Form to your library.
  9846 | D:8      | Found a staircase to the Lair.
  9865 | D:8      | Reached skill level 5 in Short Blades
  9865 | D:8      | Reached skill level 5 in Long Blades
  9865 | D:8      | Reached skill level 5 in Axes
  9865 | D:8      | Reached skill level 5 in Maces & Flails
  9865 | D:8      | Reached skill level 5 in Polearms
  9865 | D:8      | Reached skill level 5 in Staves
  9865 | D:8      | Reached skill level 5 in Slings
  9865 | D:8      | Reached skill level 5 in Crossbows
  9865 | D:8      | Reached skill level 5 in Throwing
  9865 | D:8      | Reached skill level 5 in Stealth
  9865 | D:8      | Reached skill level 5 in Shields
  9865 | D:8      | Reached skill level 5 in Unarmed Combat
  9865 | D:8      | Reached skill level 5 in Evocations
  9997 | D:8      | You pick up a book of the Senses and begin reading...
  9997 | D:8      | You add the spells Dazzling Flash, Agony and Silence to
                  | your library.
 10068 | D:8      | Noticed Amaemon
 10069 | D:8      | Noticed an orange demon
 10075 | D:8      | Killed an orange demon
 10076 | D:8      | Reached skill level 10 in Bows
 10081 | D:8      | Killed Amaemon
 10082 | D:8      | Reached skill level 7 in Armour
 10292 | D:8      | Reached * piety under Cheibriados
 10375 | D:8      | Reached skill level 6 in Fighting
 10375 | D:8      | Reached skill level 6 in Dodging
 10662 | D:8      | Noticed Grum
 10676 | D:8      | Killed Grum
 10902 | D:9      | Reached skill level 6 in Invocations
 11071 | D:9      | Reached ** piety under Cheibriados
 11138 | D:9      | Found a runed translucent door.
 11140 | D:9      | Found a runed translucent door.
 11148 | D:9      | Noticed Maggie
 11162 | D:9      | Killed Maggie
 11168 | D:9      | Noticed Prince Ribbit
 11173 | D:9      | Killed Prince Ribbit
 11283 | D:9      | Learned a level 3 spell: Lesser Beckoning
 11312 | D:9      | Found a runed translucent gate.
 11312 | D:9      | Found a runed translucent gate.
 11314 | D:9      | Found a runed translucent gate.
 11315 | D:9      | Noticed Antichthon's ghost (journeyman FoHu)
 11449 | D:9      | Bought a potion of mutation for 96 gold pieces
 11449 | D:9      | Lost mutation: You are agile. (Dex +2) [potion of mutation]
 11449 | D:9      | Lost mutation: Your spells are a little harder to cast, but
                  | a little more powerful. [potion of mutation]
 11449 | D:9      | Lost mutation: Your body sometimes deteriorates upon taking
                  | damage. [potion of mutation]
 11449 | D:9      | Gained mutation: You are frail. (-10% HP) [potion of
                  | mutation]
 11449 | D:9      | Gained mutation: Your mind is acute. (Int +2) [potion of
                  | mutation]
 11450 | D:9      | Lost mutation: Your mind is acute. (Int +2) [potion of
                  | mutation]
 11450 | D:9      | Lost mutation: You are frail. (-10% HP) [potion of
                  | mutation]
 11450 | D:9      | Gained mutation: You passively map a small area around you.
                  | [potion of mutation]
 11450 | D:9      | Gained mutation: You have extremely sharp teeth. [potion of
                  | mutation]
 11450 | D:9      | Gained mutation: You occasionally shout uncontrollably at
                  | your foes. [potion of mutation]
 11451 | D:9      | Lost mutation: You have extremely sharp teeth. [potion of
                  | mutation]
 11451 | D:9      | Lost mutation: You occasionally shout uncontrollably at
                  | your foes. [potion of mutation]
 11451 | D:9      | Lost mutation: You passively map a small area around you.
                  | [potion of mutation]
 11451 | D:9      | Gained mutation: Your body sometimes deteriorates upon
                  | taking damage. [potion of mutation]
 11452 | D:9      | Bought a potion of mutation for 96 gold pieces
 11452 | D:9      | Lost mutation: Your body sometimes deteriorates upon taking
                  | damage. [potion of mutation]
 11452 | D:9      | Gained mutation: You do not regenerate when monsters are
                  | visible. [potion of mutation]
 11452 | D:9      | Gained mutation: You occasionally shout uncontrollably at
                  | your foes. [potion of mutation]
 11452 | D:9      | Gained mutation: You have a pair of small horns on your
                  | head. [potion of mutation]
 11941 | D:9      | Reached XP level 11. HP: 83/83 MP: 8/22
 12088 | D:9      | Found a viscous altar of Jiyva.
 12107 | D:10     | Entered Level 10 of the Dungeon
 12263 | D:10     | Reached *** piety under Cheibriados
 12534 | D:10     | Found the +3 woodcutter's axe {vorpal}
 12739 | D:10     | Reached skill level 6 in Short Blades
 12739 | D:10     | Reached skill level 6 in Long Blades
 12739 | D:10     | Reached skill level 6 in Axes
 12739 | D:10     | Reached skill level 6 in Maces & Flails
 12739 | D:10     | Reached skill level 6 in Polearms
 12739 | D:10     | Reached skill level 6 in Staves
 12739 | D:10     | Reached skill level 6 in Slings
 12739 | D:10     | Reached skill level 6 in Crossbows
 12739 | D:10     | Reached skill level 6 in Throwing
 12739 | D:10     | Reached skill level 6 in Stealth
 12739 | D:10     | Reached skill level 6 in Shields
 12739 | D:10     | Reached skill level 6 in Unarmed Combat
 12739 | D:10     | Reached skill level 6 in Evocations
 12743 | D:10     | Reached skill level 5 in Conjurations
 12743 | D:10     | Reached skill level 5 in Hexes
 12743 | D:10     | Reached skill level 5 in Summonings
 12743 | D:10     | Reached skill level 5 in Necromancy
 12743 | D:10     | Reached skill level 5 in Translocations
 12743 | D:10     | Reached skill level 5 in Transmutations
 12743 | D:10     | Reached skill level 5 in Fire Magic
 12743 | D:10     | Reached skill level 5 in Ice Magic
 12743 | D:10     | Reached skill level 5 in Air Magic
 12743 | D:10     | Reached skill level 5 in Earth Magic
 12743 | D:10     | Reached skill level 5 in Poison Magic
 12963 | D:10     | Reached skill level 8 in Spellcasting
 13305 | D:11     | Noticed a cyclops
 13305 | D:11     | Noticed a cyclops
 13319 | D:10     | Killed a cyclops
 13424 | D:11     | Killed a cyclops
 13480 | D:11     | Noticed a cyclops
 13494 | D:11     | HP: 19/83 [warg (10)]
 13495 | D:11     | Killed a cyclops
 13853 | Lair:1   | Entered Level 1 of the Lair of Beasts
 13877 | Lair:1   | Lost mutation: You occasionally shout uncontrollably at
                  | your foes. [potion of mutation]
 13877 | Lair:1   | Lost mutation: You do not regenerate when monsters are
                  | visible. [potion of mutation]
 13877 | Lair:1   | Gained mutation: Your mind is acute. (Int +2) [potion of
                  | mutation]
 13877 | Lair:1   | Gained mutation: You have hidden genetic potential. [potion
                  | of mutation]
 14014 | D:11     | Noticed Psyche
 14022 | D:11     | Killed Psyche
 14023 | D:11     | Reached skill level 7 in Invocations
 14273 | D:9      | Reached skill level 7 in Fighting
 14273 | D:9      | Reached skill level 8 in Armour
 14273 | D:9      | Reached skill level 7 in Dodging
 14281 | D:9      | Killed Antichthon's ghost
 14595 | D:11     | Reached **** piety under Cheibriados
 14619 | D:11     | Learned a level 7 spell: Monstrous Menagerie
 14738 | D:11     | Noticed a cyclops
 14738 | D:11     | Noticed a cyclops
 14738 | D:11     | Noticed a cyclops
 14738 | D:11     | Noticed a cyclops
 14738 | D:11     | Noticed a cyclops
 14745 | D:11     | Killed a cyclops
 14764 | D:11     | Killed a cyclops
 14765 | D:11     | Reached XP level 12. HP: 31/91 MP: 12/24
 14776 | D:11     | Reached skill level 11 in Bows
 14778 | D:11     | Reached skill level 7 in Short Blades
 14778 | D:11     | Reached skill level 7 in Long Blades
 14778 | D:11     | Reached skill level 7 in Axes
 14778 | D:11     | Reached skill level 7 in Maces & Flails
 14778 | D:11     | Reached skill level 7 in Polearms
 14778 | D:11     | Reached skill level 7 in Staves
 14778 | D:11     | Reached skill level 7 in Slings
 14778 | D:11     | Reached skill level 7 in Crossbows
 14778 | D:11     | Reached skill level 7 in Throwing
 14778 | D:11     | Reached skill level 7 in Stealth
 14778 | D:11     | Reached skill level 7 in Shields
 14778 | D:11     | Reached skill level 7 in Unarmed Combat
 14778 | D:11     | Reached skill level 7 in Evocations
 15278 | D:11     | Noticed a frost giant
 15284 | D:11     | Reached skill level 6 in Conjurations
 15284 | D:11     | Reached skill level 6 in Hexes
 15284 | D:11     | Reached skill level 6 in Summonings
 15284 | D:11     | Reached skill level 6 in Necromancy
 15284 | D:11     | Reached skill level 6 in Translocations
 15284 | D:11     | Reached skill level 6 in Transmutations
 15284 | D:11     | Reached skill level 6 in Fire Magic
 15284 | D:11     | Reached skill level 6 in Ice Magic
 15284 | D:11     | Reached skill level 6 in Air Magic
 15284 | D:11     | Reached skill level 6 in Earth Magic
 15284 | D:11     | Reached skill level 6 in Poison Magic
 15286 | D:11     | Killed from afar by a frost giant

Vanquished Creatures
  9 cyclopes
  Maggie (D:9)
  A komodo dragon (D:8)
  4 trolls
  A shadow (D:5)
  2 wraiths (D:11)
  A nameless horror (D:8)
  8 yaks
  Eustachio (D:5)
  5 wargs (D:11)
  An acid dragon (D:11)
  A water moccasin (D:5)
  Duvessa (D:7)
  3 orc warriors
  8 ogres
  2 wolves
  3 centaurs
  A phantom (D:5)
  Blork the orc (D:6)
  4 kobold brigands
  A necrophage (D:6)
  2 bullfrogs
  2 scorpions (D:5)
  A gnoll sergeant (D:8)
  9 wights
  Dowan (D:7)
  5 killer bees (D:6)
  4 orc priests
  2 hounds
  A gnoll shaman (D:9)
  A jelly (D:9)
  Terence (D:2)
  9 orc wizards
  3 iguanas
  19 gnolls
  9 adders
  A shadow imp (D:8)
  4 white imps
  2 ufetubi
  3 worms
  30 orcs
  5 endoplasms
  2 giant cockroaches
  7 goblins
  11 hobgoblins
  60 kobolds
  4 quokkas
  11 ball pythons
  3 bats
  3 frilled lizards
  7 rats
281 creatures vanquished.

Vanquished Creatures (collateral kills)
  The ghost of Antichthon the Quickloader, a journeyman FoHu of Okawaru (D:9)
  Amaemon (D:8)
  2 slime creatures (D:9)
  4 cyclopes (D:11)
  An orange demon (D:8)
  Psyche (D:11)
  Prince Ribbit (D:9)
  Grum (D:8)
  A wolf (D:8)
  A centaur (D:8)
  2 kobold brigands (D:9)
  5 wights (D:9)
  2 jellies (D:9)
  2 orc priests
  5 orc wizards
  2 gnolls (D:9)
  27 orcs
  2 kobolds (D:9)
61 creatures vanquished.

Vanquished Creatures (others)
  A gnoll shaman (D:10)
  3 gnolls (D:10)
  3 fungi (D:8)
  6 plants (D:8)
13 creatures vanquished.

Grand Total: 355 creatures vanquished

Table legend:
 A = Non-vault XP
 B = Vault XP
 C = Vault XP percentage of total XP
 D = Non-vault monster count
 E = Vault monster count
 F = Vault count percentage of total count
                 A         B        C        D         E       F
            +---------+---------+-------+---------+---------+-------
      Total |   10210 |   12963 |  55.9 |     233 |     108 |  31.7
            +---------+---------+-------+---------+---------+-------
        D:1 |      30 |       0 |   0.0 |      20 |       0 |   0.0
        D:2 |      61 |      38 |  38.4 |      14 |       1 |   6.7
        D:3 |     208 |     398 |  65.7 |      21 |      49 |  70.0
        D:4 |     285 |       0 |   0.0 |      28 |       0 |   0.0
        D:5 |     954 |     191 |  16.7 |      18 |       1 |   5.3
        D:6 |     926 |      94 |   9.2 |      20 |       1 |   4.8
        D:7 |    1237 |     205 |  14.2 |      27 |       2 |   6.9
        D:8 |     696 |    1962 |  73.8 |      19 |       6 |  24.0
        D:9 |    2268 |    1667 |  42.4 |      48 |       6 |  11.1
       D:10 |    2286 |       0 |   0.0 |      10 |       0 |   0.0
       D:11 |    1259 |    8408 |  87.0 |       8 |      42 |  84.0
            +---------+---------+-------+---------+---------+-------

Illustrated notes

Table legend:
 A = Kills in this place as a percentage of kills in entire the game.
 B = Kills by you in this place as a percentage of kills by you in the entire game.
 C = Kills by friends in this place as a percentage of kills by friends in the entire game.
 D = Other kills in this place as a percentage of other kills in the entire game.
 E = Experience gained in this place as a percentage of experience gained in the entire game.
 F = Experience gained in this place divided by the number of levels of this place that you have seen.
                   A       B       C       D       E      F
               +-------+-------+-------+-------+-------+----------------------
         Total | 100.0 | 100.0 | 100.0 |   N/A | 100.0 | 1782.5
       Dungeon | 100.0 | 100.0 | 100.0 |   N/A | 100.0 | 2106.6
               +-------+-------+-------+-------+-------+----------------------

Table legend: (Time is in decaauts)
 A = Elapsed time spent in this place.
 B = Non-inter-level travel time spent in this place.
 C = Inter-level travel time spent in this place.
 D = Time resting spent in this place.
 E = Time spent auto-exploring this place.
 F = Levels seen in this place.
 G = Mean time per level.
                   A        B        C        D        E       F      G
               +--------+--------+--------+--------+--------+-----+--------+
         Total |  16653 |  15836 |    817 |   4251 |   9352 |  13 | 1281.0 |
       Dungeon |  16524 |  15755 |    769 |   4251 |   9285 |  11 | 1502.2 |
        Temple |     67 |     45 |     22 |      0 |     34 |   1 |   67.0 |
          Lair |     62 |     37 |     25 |      0 |     33 |   1 |   62.0 |
               +--------+--------+--------+--------+--------+-----+--------+

Top non-repeatable levels by time:
     D:6: 2193 daAuts
    D:10: 2126 daAuts
     D:3: 2002 daAuts
     D:9: 1875 daAuts
     D:8: 1692 daAuts
     D:7: 1627 daAuts
    D:11: 1360 daAuts
     D:4: 1122 daAuts
     D:5: 919 daAuts
     D:1: 880 daAuts
     D:2: 723 daAuts
  Temple: 67 daAuts
  Lair:1: 62 daAuts
